← All builds
Tech / Armada / Economy first / OBSERVED BUILD

Standard tech

Armada Tech (Eco) build order · Supreme Isthmus

Rushes T2 factory and Advanced Metal Extractor while supplying T2 and T1 constructors to teammates like Geo, then transitions into Citadel/Platypus/Umbrella defence as the game develops.

Usually first T2 con to Geo (85%)

#eco #t2 #team support · 770 distinct matches · 109 players · 59% of Armada Tech games · team won 53% of 890 · Recently observed

HOW TO PLAY IT

Key timing: T2 lab by 4:15

  1. Take 3 mex, then wind and a Bot Lab to open eco fast.
  2. Push T2 lab out, aim to pass T2 to air player.
  3. Get first T2 constructor building, prioritize mex upgrades over eco.
  4. Finish Advanced Metal Extractor, keep upgrading team's mex.
  5. Add fus and anti-nuke, keep feeding T2 cons and Umbrella/Citadel to team.

Phase by phase

TYPICAL OF ITS 770 GAMES
  1. 1
  2. 2
  3. 3
  4. 4
PLAY THE OPENING

Follow the example game's first 6:00 step by step: what to build now, what comes next, and where it goes. At 1× it keeps pace with your own game.

  1. 1

    Up to the Bot Lab

    Economy
    • Metal Extractor3Mex
    • Wind Turbine4Wind
    Order
    1. Bot LabBot Lab after 3 mex, 4 winddone ~1:17, middle half 1:13–1:32

    Some games also: energy storage (30%)

    By 1:01 in all: 3 mex · 4 wind

    The example game in this phase · 3 steps
    1. Mex ×3
    2. Wind ×4
    3. Bot LabBot Labdone 1:14 · typical 1:17
  2. 2

    Bot Lab to Advanced Bot Lab

    Economy
    • Metal Extractor1Mex
    • Wind Turbine8Wind
    • Energy Storage1Energy storage
    Order
    1. Advanced Bot LabAdvanced Bot Lab after 4 mex, 12 wind, 3 con turretdone ~4:15, middle half 4:04–4:27
    Builders
    • Construction Turret3 Con turret
    • Lazarus3 Lazarus
    • Construction Bot2 Con bot
    • Construction Bot1 Con bot for allies

    Some games also: converter (36%)

    By 3:19 in all: 4 mex · 12 wind · 1 energy storage · 3 con turret

    The example game in this phase · 11 steps
    1. Wind
    2. LazarusLazarus ×2
    3. Wind ×3
    4. Construction BotCon bot
    5. Construction BotCon botfor Air
    6. Energy storage
    7. LazarusLazarus
    8. Mex
    9. Converter
    10. Construction BotCon bot ×8
    11. Advanced Bot LabAdvanced Bot Labdone 4:17 · typical 4:15
  3. 3

    Advanced Bot Lab to 5:00

    Economy
    • Wind Turbine2Wind
    Builders
    • Advanced Construction Bot1 T2 con bot for allies

    Some games also: converter (36%)

    By 5:00 in all: 4 mex · 15 wind · 2 converter · 1 energy storage · 3 con turret

    The example game in this phase · 5 steps
    1. Advanced Construction BotT2 con botfor Geo
    2. Wind
    3. Advanced Metal ExtractorT2 mexdone 5:11 · typical 5:29
    4. Wind
    5. Converter
  4. 4

    5:00 to 10:00

    Economy
    • Wind Turbine44Wind
    • Energy Converter6Converter
    Builders
    • Butler8 Butler
    • Advanced Construction Bot4 T2 con bot for allies
    • Advanced Construction Bot1 T2 con bot

    Some games also: con turret (47%) · Butler for allies (38%)

    By 10:00 in all: 4 mex · 59 wind · 8 converter · 1 energy storage · 3 con turret

    The example game in this phase · 203 steps
    1. Wind
    2. Advanced Construction BotT2 con botfor Air
    3. Wind
    4. Advanced Metal ExtractorT2 mex ×2
    5. Wind
    6. Con turret
    7. Wind ×2
    8. Advanced Construction BotT2 con botfor Geo sea
    9. Wind
    10. Advanced Metal ExtractorT2 mex
    11. Wind
    12. Advanced Construction BotT2 con botfor Beach sea
    13. Wind
    14. ButlerButler
    15. Wind
    16. ButlerButlerfor Beach sea
    17. Wind ×3
    18. ButlerButlerfor Beach sea
    19. Wind ×2
    20. Advanced Construction BotT2 con botfor Pond
    21. Wind ×5
    22. Converter
    23. Wind
    24. ButlerButler
    25. Wind
    26. Converter
    27. Wind
    28. ButlerButler
    29. Wind ×3
    30. Converter
    31. Wind
    32. ButlerButler
    33. Wind ×3
    34. Converter
    35. Wind ×3
    36. Converter
    37. ButlerButler
    38. Wind ×2
    39. ButlerButler
    40. Wind ×3
    41. Converter
    42. Advanced Construction BotT2 con bot
    43. Wind ×2
    44. Converter
    45. Wind ×2
    46. Con turret
    47. Wind ×4
    48. Metal storage
    49. Wind ×2
    50. Converter
    51. Wind ×2
    52. Con turret
    53. Wind ×3
    54. Converter
    55. Wind
    56. Con turret
    57. Wind ×3
    58. Converter
    59. Wind ×2
    60. Converter
    61. Wind
    62. Converter
    63. Wind
    64. Con turret
    65. Wind ×3
    66. Converter
    67. TracerTracer
    68. Wind
    69. Converter
    70. Wind ×3
    71. Converter
    72. Wind ×5
    73. Converter
    74. Wind
    75. Con turret
    76. Wind ×3
    77. Converter
    78. Wind ×3
    79. Fusion ReactorFusiondone 11:57
    80. Wind
    81. Converter
    82. Wind ×11
    83. Converter
    84. Wind ×8
    85. Aircraft PlantAircraft Plantnot finished by 15:00
    86. Wind ×4
    87. Converter
    88. Wind ×8
    89. Converter
    90. Wind ×6
    91. Converter
    92. Wind ×2
    93. Con turret
    94. Aircraft PlantAircraft Plantdone 12:14
    95. Wind ×7
    96. Converter
    97. ValiantValiant
    98. Wind ×3
    99. Converter
    100. Wind
    101. ValiantValiant
    102. Wind ×2
    103. ValiantValiant
    104. Wind
    105. Converter
    106. ValiantValiant
    107. Wind
    108. ValiantValiant
    109. Wind ×2
    110. ValiantValiant
    111. Wind
    112. CitadelAnti-nukedone 13:55
    113. Wind ×2
    114. ValiantValiant
    115. Wind
    116. Converter
    117. Wind
    118. ValiantValiant
    119. Wind ×5
    120. Converter
    121. Wind
    122. ValiantValiant
    123. Wind
    124. Con turret
    125. Wind ×3
    126. Con turret
    127. Wind ×2
    128. ValiantValiant
    129. Wind ×3
    130. Converter
    131. Wind ×2
    132. ValiantValiant
    133. Wind ×3
    134. ValiantValiant
    135. Wind ×3
    136. ValiantValiant
    137. Wind ×4
    138. ValiantValiant
    139. Converter
    140. Wind ×11
    141. ValiantValiant
    142. Wind ×3
    143. AnemoneAnemone
    144. Converter
    145. Wind ×5
    146. ValiantValiant
    147. JellyfishJellyfish
    148. Wind ×2
    149. ValiantValiant
    150. Wind ×2
    151. ValiantValiant
    152. Wind
    153. Converter
    154. Wind
    155. ValiantValiant
    156. Wind
    157. ValiantValiant
    158. Wind ×2
    159. Converter
    160. Wind ×2
    161. ValiantValiant
    162. Wind ×2
    163. ValiantValiant
    164. Wind
    165. Converter
    166. ValiantValiant
    167. Wind ×4
    168. ValiantValiant
    169. Converter
    170. Wind
    171. ValiantValiant
    172. Wind
    173. JellyfishJellyfish
    174. Wind
    175. ValiantValiant
    176. ShipyardShipyarddone 14:29
    177. ValiantValiant
    178. Converter
    179. Wind ×3
    180. ValiantValiant
    181. Wind
    182. ValiantValiant
    183. Wind
    184. ValiantValiant ×2
    185. Wind ×2
    186. ValiantValiant
    187. Con turret
    188. Wind ×2
    189. Con turret
    190. Wind ×2
    191. ValiantValiant
    192. Wind ×2
    193. ValiantValiant
    194. Converter
    195. ValiantValiant
    196. Wind ×2
    197. RiptideFrigatedone 14:52
    198. ValiantValiant ×2
    199. Wind ×2
    200. ValiantValiant
    201. Wind
    202. ValiantValiant
    203. Wind

Counts are medians over the build's games: half of them build more, half fewer. The example game is Kelin's (42 OS, 29/08/2026); pick another.

Team trades

IN AT LEAST 30% OF ITS GAMES

You hand over

  • Construction Bot1 Con bot to Airfirst at 2:22 · in 88% of games
  • Advanced Construction Bot5 T2 con bot to Air or Pond or Geo seafirst at 4:47 · in 99% of games
  • Sharpshooter2 Sniper bot to Pondfirst at 5:21 · in 33% of games
  • Butler2 Butler to Geo sea or Beach sea or Pondfirst at 9:02 · in 42% of games

You get

  • Hercules1 Light transport from Airfirst at 4:00 · in 85% of games

How it plays out

Typical game of this build, running totals by minute

Metal produced

020k40k
0:005:0010:0015:00

metal

Enemy metal destroyed

0200400
0:005:0010:0015:00

metal

Own metal lost

0100200300
0:005:0010:0015:00

metal

890 games.

Show as table
ByMetal produced: This buildEnemy metal destroyed: This buildOwn metal lost: This build
1:0038300
2:0091500
3:00164100
4:00315100
5:00486600
6:00580800
7:00723200
8:00907900
9:001124900
10:001358100
11:001641600
12:002000600
13:002380800
14:002755688104
15:0031636319204
WHAT THE NUMBERS SAY

This is the role's baseline and wins slightly more than half its games with a huge metal lead but almost no kills, showing its value is economic not combat.

  • + Produces 31389 metal by 15:00, far above other roles.
  • + Reaches T2 lab and constructor by 4:15-4:33 almost every game.
  • − Barely destroys any enemy metal (400 by 15:00), no combat presence.
  • − Fusion Reactor and anti-nuke only land in 44% of games.
THE EXAMPLE YOU ARE READING

Kelin

41.9 OS · 29/08/2026

Open source match ↗

2 received units · includes a constructor
3938 metal received · 46035 energy received

Allied construction assistance is unknown. Timings are observations, not a promise of solo reproducibility.

Typical milestones

Bot Lab1:17Middle 50%: 1:13–1:32 · n=890
Advanced Bot Lab4:15Middle 50%: 4:04–4:27 · n=884
Advanced Metal Extractor5:29Middle 50%: 5:06–5:58 · n=888

Played most by

Amrissa100games of this buildSyphos40games of this buildKOT_38games of this buildAdeus34games of this buildTeaner34games of this build